 Dungeon Crawl Stone Soup version 0.22-b1-26-g9dbaab1 (webtiles) character file.

89 dracos369 the Insei (level 4, -2/28 HPs)
             Began as an Octopode Transmuter on Aug 7, 2018.
             Was a Follower of Jiyva.
             Slain by an orc wizard
             ... wielding a +2 dagger of venom
              (4 damage)
             ... on level 3 of the Dungeon.
             The game lasted 00:07:50 (1528 turns).

dracos369 the Insei (Octopode Transmuter)           Turns: 1528, Time: 00:07:51

Health: -2/28      AC:  2    Str:  9    XL:     4   Next: 55%
Magic:  4/7        EV: 20    Int: 15    God:    Jiyva [*.....]
Gold:   108        SH:  0    Dex: 18    Spells: 1/7 levels left

rFire    . . .     SeeInvis .     - Unarmed
rCold    . . .     Gourm    .   (shield currently unavailable)
rNeg     . . .     Faith    .   (helmet currently unavailable)
rPois    x         Spirit   .   (no amulet)
rElec    .         Reflect  .   m - ring of resist corrosion
rCorr    +         Harm     .   (no ring)
MR       .....                  (no ring)
Stlth    ++........             (no ring)
HPRegen  0.09/turn              (no ring)
MPRegen  0.10/turn              (no ring)
                                (no ring)
                                (no ring)

@: lethally poisoned (-2 -> -10), spider-form
A: tiny, almost no armour, stealthy swim, (amphibious), 8 rings, (constrict 8)
a: End Transformation, Request Jelly, Renounce Religion


You were on level 3 of the Dungeon.
You worshipped Jiyva.
Jiyva was aware of your devotion.
You were not hungry.
You were a venomous arachnid creature.
You visited 1 branch of the dungeon, and saw 3 of its levels.

You collected 108 gold pieces.

Inventory:

Hand Weapons
 b - a +0 hunting sling (melded)
Missiles
 a - 51 arrows
 e - 7 sling bullets
 l - 47 stones (quivered)
Jewellery
 m - a ring of resist corrosion (left front leg)
Scrolls
 d - a scroll of enchant armour {unknown}
 g - a scroll of immolation {unknown}
 h - 2 scrolls of noise {unknown}
 k - 2 scrolls of remove curse {unknown}
 o - 2 scrolls of identify {unknown}
 p - a scroll of teleportation {unknown}
Potions
 i - a potion of degeneration {unknown}
 j - 2 potions of agility {unknown}
 n - a potion of heal wounds {unknown}
Comestibles
 c - 2 rations


   Skills:
 * Level 1.6 Fighting
 - Level 2.2 Dodging
 + Level 4.5 Unarmed Combat
 - Level 2.0 Spellcasting
 + Level 2.6 Transmutations


You had one spell level left.
You knew the following spells:

 Your Spells              Type           Power        Failure   Level  Hunger
a - Beastly Appendage     Tmut           #.....       21%         1    #......
c - Spider Form           Tmut/Pois      #.........   58%         3    ###....
s - Sticks to Snakes      Tmut           #.......     28%         2    ###....

Your spell library contained the following spells:

 Spells                   Type           Power        Failure   Level  Hunger
 Blade Hands              Tmut           #.........   98%         5    ######.
 Ice Form                 Ice/Tmut       #.......     91%         4    #####..


Dungeon Overview and Level Annotations

Branches:
Dungeon (3/15)

Altars:
Ashenzari
Jiyva


Innate Abilities, Weirdness & Mutations

You cannot wear most types of armour.
You are very stealthy in the water. (Stealth+)
((You are amphibious.))
You can wear up to eight rings at the same time.
((You can use your tentacles to constrict eight enemies at once.))
((Your skin changes colour to match your surroundings (Stealth+).))
((Your rubbery body absorbs attacks. (AC +1, EV +1)))


Message History

Unknown command.
You hit the orc wizard but do no damage.
The orc wizard is poisoned.
The orc wizard is moderately wounded.
You feel sick. The adder barely misses you. The orc completely misses you.
The orc wizard hits you with a dagger of venom.
The adder bites you but does no damage.
You barely miss the adder.
You feel sick. The orc misses you. The adder completely misses you.
The orc hits you but does no damage. The orc wizard barely misses you.
You hit the adder but do no damage.
The adder is poisoned.
You feel sick. The orc hits you with a flail!
* * * LOW HITPOINT WARNING * * *
The adder misses you. The orc completely misses you.
You hit the orc wizard.
The orc wizard is heavily wounded.
* * * LOW HITPOINT WARNING * * *
You feel sick.
The orc wizard hits you with a dagger of venom.
You die...

..(.....#
........#
(.......#
....(...#
.....(..#
......o.#
.....ooo#
.......s#
......S..#
.........#
.........#
.......<..
.........#.
#######....
#.## ≈


You could see an orc wizard, an adder and 3 orcs.

Vanquished Creatures
  A gnoll (D:1)
  2 adders (D:2)
  2 worms (D:2)
  5 dart slugs (D:1)
  A giant cockroach (D:2)
  5 goblins
  6 hobgoblins
  4 jackals (D:1)
  9 kobolds
  6 bats (D:1)
  3 frilled lizards
  2 rats
46 creatures vanquished.

Notes
Turn   | Place    | Note
-------+----------+-------------------------------------------
     0 | D:1      | dracos369 the Octopode Transmuter began the quest for the Orb.
     0 | D:1      | Reached XP level 1. HP: 13/13 MP: 3/3
    95 | D:1      | Reached XP level 2. HP: 10/18 MP: 5/5
   247 | D:1      | Reached XP level 3. HP: 20/23 MP: 6/6
   313 | D:1      | Reached skill level 4 in Unarmed Combat
   415 | D:1      | Found a shattered altar of Ashenzari.
   485 | D:1      | Learned a level 2 spell: Sticks to Snakes
   489 | D:1      | Learned a level 3 spell: Spider Form
   873 | D:2      | Reached XP level 4. HP: 28/28 MP: 7/7
  1407 | D:2      | Found a faded altar of an unknown god.
  1416 | D:2      | Became a worshipper of Jiyva Jull the Shapeless
  1416 | D:2      | Reached * piety under Jiyva
  1528 | D:3      | Slain by an orc wizard

Skill      XL: |  1  2  3 |
---------------+----------+-----
Unarmed Combat | 4 |  4.5
Fighting       | |  1.6
Dodging        | |  2.2
Spellcasting   | |  2.0
Transmutations | |  2.6

Action                   |  1- 3 |  4- 6 || total
-------------------------+-------+-------++-------
Melee: Unarmed           |    31 |    21 ||    52
       Constrict         |     9 |     4 ||    13
       Tentacles         |     1 |     6 ||     7
 Fire: Hunting sling     |    70 |    18 ||    88
 Cast: Spider Form       |       |     1 ||     1
 Stab: Sleeping          |     1 |     3 ||     4
  Eat: Chunk             |       |     2 ||     2
Armor: Skin              |     5 |     6 ||    11
Dodge: Dodged            |    34 |    16 ||    50
